 Dungeon Crawl Stone Soup version 0.31.0-9-g3a7656b989 (webtiles) character file.

Game seed: 4324583916342182260

634 Peloso the Slasher (level 7, -2/58 (61) HPs)
             Began as a Minotaur Fighter on Feb 5, 2024.
             Was a Follower of Okawaru.
             Slain by a killer bee zombie (6 damage)
             ... in an ossuary.
             The game lasted 00:07:06 (3245 turns).

Peloso the Slasher (Minotaur Fighter)               Turns: 3245, Time: 00:07:06

HP:   -2/58 (61)    AC: 10    Str: 20    XL:     7   Next: 24%
MP:   6/6           EV:  8    Int:  5    God:    Okawaru [*.....]
Gold: 191           SH:  5    Dex: 12    Spells: 6/6 levels left

rFire   . . .        a - +0 long sword
rCold   . . .        d - +0 buckler
rNeg    . . .        c - +0 chain mail
rPois   .            (helmet restricted)
rElec   .            (no cloak)
rCorr   .            (no gloves)
SInv    .            (no boots)
Will    .....        (no amulet) Stlth
                     (no ring)
HPRegen 0.29/turn    (no ring)
MPRegen 0.10/turn

%: no passive effects
@: lightly drained
A: horns 2, retaliatory headbutt
a: Renounce Religion, Heroism


You were in an ossuary.
You worshipped Okawaru.
Okawaru was aware of your devotion.
You visited 2 branches of the dungeon, and saw 6 of its levels.
You also visited: Ossuary.

You collected 191 gold pieces.

Inventory:

Hand Weapons
 a - a +0 long sword (weapon)
Armour
 b - a +0 scale mail
 c - a +0 chain mail (worn)
 d - a +0 buckler (worn)
Jewellery
 r - an amulet of regeneration
Wands
 n - a wand of paralysis (10)
Scrolls
 e - a scroll of enchant weapon {unknown}
 g - a scroll of acquirement {unknown}
 k - a scroll of fog
 l - 2 scrolls of fear {unknown}
 m - 3 scrolls of teleportation {unknown}
 p - a scroll of enchant armour {unknown}
Potions
 f - 2 potions of brilliance
 h - a potion of cancellation
 i - a potion of invisibility {unknown}
 q - a potion of resistance {unknown}


   Skills:
 + Level 5.1 Fighting
 + Level 6.3 Long Blades
 + Level 6.1 Armour
 + Level 1.6 Dodging
 + Level 0.6 Stealth
 + Level 4.7 Shields


You had 6 spell levels left.
You didn't know any spells.
Your spell library contained the following spells:

 Spells                   Type           Power      Damage    Failure   Level
 Necrotise                Necr           0%         1d4       99%         1
 Vampiric Draining        Necr           0%         2d6       100%        3
 Curse of Agony           Necr           0%         N/A       100%        5
 Martyr's Knell           Necr/Summ      Unusable   N/A       N/A         4

Dungeon Overview and Level Annotations

Branches:
Dungeon (5/15)             Temple (1/1) D:4         Ossuary (1/1)

Altars:
Ashenzari
Dithmenos
Elyvilon
Gozag
Hepliaklqana
Kikubaaqudgha
Makhleb
Nemelex Xobeh
Okawaru
Qazlal
Ru
Sif Muna
Trog
Uskayaw
Vehumet
Wu Jian
Xom
The Shining One

Annotations:
D:2 Sigmund


Innate Abilities, Weirdness & Mutations

You have a pair of horns on your head.
You reflexively headbutt those who attack you in melee.


Message History

Unknown command.
You hit the weeping skull but do no damage.
The weeping skull is moderately damaged.
You block the killer bee zombie's attack.
The killer bee zombie hits you. The weeping skull touches you.
* * * LOW HITPOINT WARNING * * *
You feel drained.
Unknown command.
You hit the weeping skull.
The weeping skull is heavily damaged.
The killer bee zombie closely misses you.
The weeping skull touches you but does no damage.
The killer bee zombie hits you but does no damage.
Unknown command.
You hit the weeping skull but do no damage.
The weeping skull is heavily damaged.
The killer bee zombie hits you.
* * * LOW HITPOINT WARNING * * *
The weeping skull closely misses you. You furiously retaliate!
You headbutt the weeping skull!
The killer bee zombie hits you but does no damage.
You hit the weeping skull but do no damage.
You headbutt the weeping skull, but do no damage.
The weeping skull is almost destroyed.
The killer bee zombie hits you.
* * * LOW HITPOINT WARNING * * *
The weeping skull touches you but does no damage.
You block the killer bee zombie's attack.
You hit the weeping skull.
You destroy the weeping skull!
Okawaru accepts your kill. The killer bee zombie misses you.
The killer bee zombie barely misses you.
Unknown command.
You miss the killer bee zombie.
The killer bee zombie is moderately damaged.
The killer bee zombie hits you.
* * * LOW HITPOINT WARNING * * *
The killer bee zombie hits you.
You die...

###############
#.....Z@°......
#..............
#.....°########
#...+### #..#+
#..# #..#+
#...+###
#......###


You could see a killer bee zombie.

Vanquished Creatures
  A black bear (D:5)
  A phantom (D:4)
  A weeping skull (Ossuary)
  2 scorpions (D:5)
  An orc priest (D:5)
  Ijyb (D:4)
  2 orc wizards (D:5)
  Robin (D:3)
  3 gnolls (D:5)
  2 adders
  2 ufetubi (D:4)
  An adder zombie (Ossuary)
  A ribbon worm (D:2)
  13 orcs
  4 bats
  6 endoplasms
  2 giant cockroaches
  6 hobgoblins
  5 jackals
  9 kobolds
  2 quokkas (D:1)
  8 ball pythons
  5 ball python zombies (Ossuary)
  A frilled lizard (D:1)
  14 goblins
  3 jackal zombies (Ossuary)
  2 kobold zombies (Ossuary)
  7 rats
106 creatures vanquished.

Notes
Turn   | Place    | Note
-------+----------+-------------------------------------------
     0 | D:1      | Peloso the Minotaur Fighter began the quest for the Orb.
     0 | D:1      | Reached XP level 1. HP: 19/19 MP: 0/0
   101 | D:1      | Reached XP level 2. HP: 26/27 MP: 1/1
   614 | D:1      | Reached XP level 3. HP: 33/33 MP: 2/2
   963 | D:2      | Reached skill level 1 in Dodging
   980 | D:2      | Noticed Sigmund
  1067 | D:3      | Noticed Robin
  1104 | D:3      | Killed Robin
  1117 | D:3      | Reached XP level 4. HP: 34/40 MP: 3/3
  1379 | D:3      | Noticed Ijyb
  1382 | D:3      | Paralysed by Ijyb for 4 turns
  1389 | D:4      | Paralysed by Ijyb for 3 turns
  1395 | D:4      | Paralysed by Ijyb for 2 turns
  1400 | D:4      | Killed Ijyb
  2241 | D:4      | Found a staircase to the Ecumenical Temple.
  2271 | D:4      | Noticed a phantom
  2293 | Temple   | Entered the Ecumenical Temple
  2304 | Temple   | Became a worshipper of Warmaster Okawaru
  2459 | D:4      | Killed a phantom
  2460 | D:4      | Reached skill level 5 in Armour
  2460 | D:4      | Reached XP level 5. HP: 29/47 MP: 4/4
  2953 | D:5      | Entered Level 5 of the Dungeon
  3049 | D:5      | Reached * piety under Okawaru
  3050 | D:5      | Reached skill level 5 in Long Blades
  3050 | D:5      | Reached XP level 6. HP: 23/53 MP: 5/5
  3101 | D:5      | Reached skill level 5 in Fighting
  3136 | D:5      | Reached XP level 7. HP: 45/61 MP: 6/6
  3142 | D:5      | Found a sand-covered staircase.
  3146 | Ossuary  | Entered an ossuary
  3245 | Ossuary  | Slain by a killer bee zombie

Illustrated notes

Levels and vault maps discovered:
D:1:      grunt_arrival_lava_bath, layout_basic, minmay_ruptured
D:2:      layout_loops_ring, serial_shops, shop, uniq_sigmund
D:3:      layout_basic, kennysheep_flooded_box, uniq_robin, uniq_ijyb
D:4:      nicolae_cairo_tiling_large_dashed, layout_basic
D:5:      layout_loops_cross, enter_ossuary_5
Temple:   nicolae_temple_no_exploring_needed
Ossuary:  minmay_ossuary_two_tombs

Skill      XL: |  1  2  3  4  5  6 |
---------------+-------------------+-----
Armour         | 4 5 6 |  6.1
Fighting       | 4 5 |  5.1
Long Blades    | 3 4 5 6 |  6.3
Dodging        | 1 |  1.6
Shields        | 4 |  4.7
Stealth        | |  0.6

Action                     |  1- 3 |  4- 6 |  7- 9 || total
---------------------------+-------+-------+-------++-------
  Melee: Long sword        |   111 |   113 |    30 ||   254
         Headbutt          |    13 |    23 |     5 ||    41
  Evoke: Wand              |       |       |     1 ||     1
    Use: Scroll            |       |     3 |       ||     3
         Potion            |       |     1 |       ||     1
 Armour: Scale mail        |    66 |       |       ||    66
         Chain mail        |    32 |   116 |    43 ||   191
  Dodge: Dodged            |    67 |    65 |    24 ||   156
  Block: Buckler           |    25 |    29 |     7 ||    61
